 Dungeon Crawl Stone Soup version 0.26-a0-834-g69557b85cc (webtiles) character file.

Game seed: 8968600959238131303

226 iamoutofideas the Cutter (level 5, -3/48 HPs)
             Began as a Troll Hunter on Nov 17, 2020.
             Slain by a small abomination (19 damage)
             ... on level 1 of the Abyss.
             The game lasted 00:02:52 (2262 turns).

iamoutofideas the Cutter (Troll Hunter)             Turns: 2262, Time: 00:02:52

Health: -3/48      AC:  6    Str: 27    XL:     5   Next: 69%
Magic:  4/4        EV:  9    Int:  7    God:
Gold:   203        SH:  0    Dex:  6    Spells: 4/4 levels left

rFire    . . .     SeeInvis +   (no weapon)
rCold    . . .     Faith    +   (no shield)
rNeg     . . .     Spirit   .   b - +0 robe
rPois    .         Reflect  .   (helmet restricted)
rElec    .         Harm     .   (no cloak)
rCorr    .         Rampage  .   (gloves unavailable)
MR       .....                  (boots unavailable)
Stlth    +.........             n - amulet of faith
HPRegen  0.00/turn              i - +6 ring of strength
MPRegen  0.09/turn              j - ring of see invisible

@: non-regenerating, badly diseased, lightly drained
A: large, unfitting armour, claws 3, [clumsy 2], regeneration 1, [screaming 2],
shaggy fur 1, tough skin 3, subdued magic 1
a: no special abilities


You were on level 1 of the Abyss.
You visited 1 branch of the dungeon, and saw 2 of its levels.
You visited the Abyss 1 time.

You collected 203 gold pieces.

Inventory:

Missiles
 a - 40 stones
 c - 5 large rocks (quivered)
 d - 2 throwing nets
 e - 6 silver javelins
 q - 11 boomerangs
Armour
 b - a +0 robe (worn)
Jewellery
 i - a +6 ring of strength (left claw)
 j - a ring of see invisible (right claw)
 n - an amulet of faith (around neck)
Scrolls
 f - a scroll of teleportation
 m - 2 scrolls of magic mapping {unknown}
 o - a scroll of remove curse {unknown}
Potions
 g - a potion of curing
 h - 2 potions of might {unknown}
 k - a potion of heal wounds
 l - a potion of cancellation
 p - a potion of attraction
 r - a potion of haste {unknown}


   Skills:
 - Level 1.5(1.3) Fighting
 + Level 4.6(4.3) Short Blades
 - Level 3.6(3.3) Throwing
 - Level 1.5(1.3) Dodging
 - Level 0.3(0.1) Stealth


You had 4 spell levels left.
You didn't know any spells.
Your spell library was empty.

Dungeon Overview and Level Annotations

Branches:
Dungeon (2/15)

Altars:
Makhleb
Yredelemnul
Zin

Annotations:
D:2 Crazy Yiuf


Innate Abilities, Weirdness & Mutations

You are too large for most types of armour.
You have claws for hands.
Your natural rate of healing is unusually fast.
You are covered in fur. (AC +1)
You have extremely tough skin. (AC +3)
Your spells are a little easier to cast, but a little less powerful.
[You are very clumsy. (Dex -4)]
[You sometimes yell uncontrollably at your foes.]


Message History

A small abomination comes into view.
The neqoxec gestures.
A wretched star comes into view.
You feel ill.
A large abomination comes into view.
You feel ill.
The wretched star pulses with an eldritch light!
You feel the urge to shout.
You feel a strong urge to yell.
The small abomination completely misses you.
The ancient zyme hits you.
The ancient zyme hits you but does no damage.
The large abomination completely misses you.
The small abomination barely misses you.
You feel ill.
The wretched star pulses with an eldritch light!
You feel clumsy. x2
You feel ill. The small abomination hits you!
Found a gateway leading deeper into the Abyss.
The small abomination hits you!!
You die...

##.#...... . >#..#..#.
≈≈ ##. ..#...#. ## #
≈≈≈≈≈
#...##.#.....#.#.##≈≈≈≈≈
#.#.....#.#....#≈≈ ≈≈#
#...#...#.##.##≈≈.≈≈≈.#
..##.....#X....#.....#..
#......@xx*.............
...................... .
#.............3....... .
...#.....#.....#.... # .
.##....#.....#... .#....
..........####.##... ..
.##....##... ..####....#
###.. #..#.## .....#
.### ##.##..#.


You could see a wretched star, an ancient zyme, a large abomination, a neqoxec
and a small abomination.

Vanquished Creatures
  Sigmund (D:2)
  2 adders (D:2)
  2 worms (D:2)
  A dart slug (D:1)
  2 leopard geckos
  5 bats
  A giant cockroach (D:2)
  3 goblins
  2 hobgoblins
  4 jackals (D:2)
  2 ball pythons
  4 frilled lizards
  3 kobolds
  7 rats
39 creatures vanquished.

Vanquished Creatures (others)
  2 starspawn tentacles (Abyss:1)
2 creatures vanquished.

Grand Total: 41 creatures vanquished

Notes
Turn   | Place    | Note
-------+----------+-------------------------------------------
     0 | D:1      | iamoutofideas the Troll Hunter began the quest for the Orb.
     0 | D:1      | Reached XP level 1. HP: 19/19 MP: 0/0
   144 | D:1      | Reached skill level 1 in Short Blades
   230 | D:1      | Reached XP level 2. HP: 27/27 MP: 1/1
   885 | D:2      | Found a basalt altar of Yredelemnul.
   910 | D:2      | Found a faded altar of an unknown god.
   919 | D:2      | Reached skill level 2 in Short Blades
   992 | D:2      | Reached XP level 3. HP: 15/33 MP: 2/2
  1136 | D:2      | Found a runed translucent door.
  1137 | D:2      | Noticed Crazy Yiuf
  1351 | D:2      | Found a burning altar of Makhleb.
  1353 | D:2      | Found a glowing silver altar of Zin.
  1353 | D:2      | Noticed an angel
  1353 | D:2      | Noticed a blizzard demon
  1703 | D:2      | Noticed Sigmund
  1719 | D:2      | Killed Sigmund
  1720 | D:2      | Reached skill level 4 in Short Blades
  1720 | D:2      | Reached XP level 4. HP: 8/41 MP: 3/3
  1720 | D:2      | Reached XP level 5. HP: 9/48 MP: 4/4
  2021 | D:2      | Cast into level 1 of the Abyss (Crazy Yiuf)
  2146 | Abyss:1  | Noticed a tentacled starspawn
  2221 | Abyss:1  | Noticed a neqoxec
  2223 | Abyss:1  | Noticed an ancient zyme
  2223 | Abyss:1  | Gained mutation: Your spells are a little easier to cast,
                  | but a little less powerful. [a neqoxec]
  2250 | Abyss:1  | Noticed a wretched star
  2251 | Abyss:1  | Noticed a large abomination
  2262 | Abyss:1  | Slain by a small abomination

Illustrated notes

Levels and vault maps discovered:
D:1:      minmay_arrival_four_loops, layout_basic, hex_medium,
          corexii_hall_statues_i
D:2:      minmay_skewed_foursquare, layout_loops_ring,
          grunt_temple_overflow_order_and_chaos_2, lemuel_doored_altar,
          serial_aquarium, aquarium_bridge_long_separate
          [aquarium_subvault_bridge, aquarium_subvault_window,
          aquarium_subvault_bridge, aquarium_subvault_bridge,
          aquarium_subvault_wall, aquarium_subvault_wall],
          aquarium_bridge_island_small [aquarium_subvault_small_open,
          aquarium_subvault_bridge, aquarium_subvault_wall,
          aquarium_subvault_window, aquarium_subvault_window],
          aquarium_window_corridor_3, aquarium_window_1, aquarium_view_2d,
          aquarium_view_2e, aquarium_pool_S, chequers_ecumenical_altar_twisty,
          uniq_sigmund, uniq_crazy_yiuf_cottage
Abyss:1:  base:
D:1

Skill      XL: |  1  2  3 |
---------------+----------+-----
Short Blades   | 1 2 4 |  4.6
Fighting       | |  1.5
Throwing       | |  3.6
Dodging        | |  1.5
Stealth        | |  0.3

Action                   |  1- 3 |  4- 6 || total
-------------------------+-------+-------++-------
Melee: Unarmed           |   127 |    15 ||   142
  Use: Potion            |     1 |     1 ||     2
       Scroll            |       |     5 ||     5
 Stab: Sleeping          |     2 |       ||     2
Armor: Robe              |    55 |     2 ||    57
Dodge: Dodged            |    97 |     8 ||   105

Table legend: (Time is in decaauts)
 A = Elapsed time spent in this place.
 B = Non-inter-level travel time spent in this place.
 C = Inter-level travel time spent in this place.
 D = Time resting spent in this place.
 E = Time spent auto-exploring this place.
 F = Levels seen in this place.
 G = Mean time per level.
                   A        B        C        D        E       F      G
               +--------+--------+--------+--------+--------+-----+--------+
         Total |   2261 |   2235 |     26 |    197 |   1565 |   3 |  753.7 |
       Dungeon |   2020 |   1994 |     26 |    117 |   1565 |   2 | 1010.0 |
         Abyss |    240 |    240 |      0 |     80 |      0 |   1 |  240.0 |
               +--------+--------+--------+--------+--------+-----+--------+

Top non-repeatable levels by time:
     D:2: 1116 daAuts
     D:1: 904 daAuts
 Abyss:1: 240 daAuts
